 Dungeon Crawl Stone Soup version 0.32-a0-136-gc02482bde3 (webtiles) character file.

Game seed: 5994366912317653277

32 Bravepunisher the Ducker (level 3, 0/28 HPs)
             Began as a Spriggan Monk on Feb 10, 2024.
             Slain by a gnoll
             ... wielding a +0 spear
             ... led by a gnoll bouda
              (8 damage)
             ... on level 4 of the Dungeon.
             The game lasted 00:03:07 (726 turns).

Bravepunisher the Ducker (Spriggan Monk)             Turns: 726, Time: 00:03:08

Health: 0/28       AC:  2    Str:  7    XL:     3   Next: 10%
Magic:  1/1        EV: 19    Int: 11    God:
Gold:   62         SH:  4    Dex: 19    Spells: 2/2 levels left

rFire   . . .        k - +3 dagger (antimagic)
rCold   . . .        i - +0 buckler "Heptuwit" {rCorr}
rNeg    . . .        b - +0 robe
rPois   .            (helmet restricted)
rElec   .            (no cloak)
rCorr   +            (gloves unavailable)
SInv    +            (boots unavailable)
Will    .....        (no amulet) Stlth
                     (no ring)
HPRegen 0.24/turn    (no ring)
MPRegen 0.07/turn

%: no passive effects
@: berserking, very quick
A: very small, no large weapons, unfitting armour, see invisible, speed 3
a: no special abilities


You were on level 4 of the Dungeon.
You visited 1 branch of the dungeon, and saw 4 of its levels.

You collected 62 gold pieces.

Inventory:

Hand Weapons
 k - a +3 antimagic dagger (weapon)
Armour
 b - a +0 robe (worn)
 i - the +0 buckler "Heptuwit" (worn) {rCorr}
   (You found it on level 2 of the Dungeon)

   rCorr:     It protects you from acid and corrosion.
Scrolls
 j - a scroll of identify
Potions
 c - a potion of ambrosia
 f - a potion of degeneration {unknown}


   Skills:
 + Level 2.8 Fighting
 - Level 3.2 Short Blades
 * Level 5.2 Dodging


You had 2 spell levels left.
You didn't know any spells.
Your spell library was empty.

Dungeon Overview and Level Annotations

Branches:
Dungeon (4/15)
 Temple: D:4-7

Altars:

Shops:
D:2 =

Annotations:
D:4 Dowan, Duvessa


Innate Abilities, Weirdness & Mutations

You are very small and have problems with some larger weapons.
You are too small for most types of armour.
You have supernaturally acute eyesight. (SInv)
You cover ground extremely quickly. (Speed+++)


Message History

You feel aware of your surroundings.
You sensed 4 altars.
It was a scroll of revelation.
Unknown command.
Blink to where?
Press: ? - help, Dir - move target
As you read the scroll labelled BAYRCH MEYCITUDA, it crumbles to dust.
It was a scroll of blinking.
The orc misses you.
As you read the scroll labelled MIYS AFUADWIX, it crumbles to dust.
It is a scroll of enchant weapon.
Your +2 antimagic dagger glows red for a moment.
The orc misses you.
As you read the scroll labelled YRUVIN SIMY, it crumbles to dust.
It is a scroll of identify.
e - a potion of berserk rage You block the gnoll's attack.
The orc hits you with a +0 whip.
A red film seems to cover your vision as you go berserk!
You feel yourself moving faster!
You feel mighty! The gnoll misses you. You block the orc's attack.
You puncture the orc!
You kill the orc!
The gnoll hits you from afar with a +0 spear.
The gnoll hits you with a +0 whip!
Your Dodging skill increases to level 5!
You closely miss the gnoll. You block the gnoll's attack.
You hit the gnoll.
The gnoll is moderately wounded.
The gnoll misses you. x2
You puncture the gnoll!
You kill the gnoll!
The gnoll closely misses you.
The gnoll hits you from afar with a +0 spear.
* * * LOW HITPOINT WARNING * * *
You have reached level 3!
Your experience leads to an increase in your attributes!
Increase (S)trength, (I)ntelligence, or (D)exterity?
You feel agile. x2
You closely miss the hobgoblin. You closely miss the hobgoblin.
The hobgoblin closely misses you.
The gnoll hits you from afar with a +0 spear!
You die...

****** ################# ,,,,,*
################# ,,,,,*
################# ,,,,,*
################# ...,,*
#################
...,,**################# ****
.$..,,,.##################,,*
.....*###..###.)@#..#..#.#,,*
$.$.o##......###.gg##.##.#,,*
........#......###ggg.#..#,,*****
........#'#......###....##,,,,,,,
#######.#.###.....e###...#,,,,,**
##..#...###......###.#,,,,,*
#####..####...###.e....#'#****,*
#...#.#.#.###...###...g..# *,*
**#..g..#,,,**.B##..g.g.## *,*


You could see 3 gnolls and 2 hobgoblins.

Vanquished Creatures
  A gnoll (D:4)
  An orc (D:4)
  A ball python (D:2)
  4 bats
  3 endoplasms
  A goblin (D:4)
  2 hobgoblins
  2 quokkas
  4 kobolds
  A rat (D:2)
20 creatures vanquished.

Notes
Turn   | Place    | Note
-------+----------+-------------------------------------------
     0 | D:1      | Bravepunisher the Spriggan Monk began the quest for the
                  | Orb.
     0 | D:1      | Reached XP level 1. HP: 11/11 MP: 2/2
   328 | D:2      | Reached XP level 2. HP: 9/16 MP: 3/3
   371 | D:2      | Found a faded altar of an unknown god.
   437 | D:2      | Identified the +0 buckler "Heptuwit" {rCorr}
   450 | D:2      | Found Weru's One-of-a-Kind Rings.
   657 | D:4      | Noticed Duvessa
   661 | D:4      | Noticed Dowan
   687 | D:4      | Noticed a bombardier beetle
   722 | D:4      | Reached skill level 5 in Dodging
   725 | D:4      | Reached XP level 3. HP: 8/19 MP: 1/4
   726 | D:4      | Slain by a gnoll

Illustrated notes

Levels and vault maps discovered:
D:1:      wander_arrival_fairy_ring, layout_loops_ring, patterned_corridor
D:2:      layout_rooms, ebering_ecumenical_altar_rust, serial_forest,
          infiniplex_forest_lined_room_3, infiniplex_forest_lined_4_way,
          infiniplex_forest_clump_diagonal, infiniplex_forest_clump_long,
          infiniplex_forest_lined_room_2, infiniplex_forest_straight_3,
          infiniplex_forest_straight_2, serial_park_tiny_1,
          nicolae_shop_unique_rings
D:3:      layout_basic, uniq_terence, uniq_grinder, uniq_ijyb
D:4:      minmay_razor_zed, layout_rooms, nicolae_overflow_quartered_altars,
          uniq_duvessa

Skill      XL: |  1  2 |
---------------+-------+-----
Dodging        | 5 |  5.2
Fighting       | |  2.8
Short Blades   | |  3.2

Action                     || total
---------------------------++-------
  Melee: Short sword       ||    39
         Dagger            ||    37
    Use: Scroll            ||     4
         Potion            ||     1
   Stab: Sleeping          ||     1
 Armour: Robe              ||    26
  Dodge: Dodged            ||    67
  Block: Buckler           ||    11

Table legend: (Time is in decaauts)
 A = Elapsed time spent in this place.
 B = Non-inter-level travel time spent in this place.
 C = Inter-level travel time spent in this place.
 D = Time resting spent in this place.
 E = Time spent auto-exploring this place.
 F = Levels seen in this place.
 G = Mean time per level.
                   A        B        C        D        E       F      G
               +--------+--------+--------+--------+--------+-----+--------+
         Total |    512 |    512 |      0 |      0 |    276 |   4 |  128.0 |
       Dungeon |    512 |    512 |      0 |      0 |    276 |   4 |  128.0 |
               +--------+--------+--------+--------+--------+-----+--------+

Top non-repeatable levels by time:
     D:1: 191 daAuts
     D:2: 175 daAuts
     D:4: 118 daAuts
     D:3: 27 daAuts
